 Dungeon Crawl Stone Soup version 0.13-a0-2485-g242ae62 (webtiles) character file.

248 JogiH the Magician (level 4, -3/38 HPs)
             Began as a Djinni Wizard on July 21, 2013.
             Shot with an arrow by a centaur (8 damage)
             ... on Level 3 of the Dungeon.
             The game lasted 00:16:45 (4548 turns).

JogiH the Magician (Djinni Wizard)                  Turns: 4548, Time: 00:16:45

HP  -3/38        AC  4     Str  8      XL: 4   Next: 63%
MP   0/0         EV 12     Int 19      God:
Gold 136         SH  0     Dex 12      Spells:  5 memorised,  2 levels left

Res.Fire  : + + +   See Invis. : .   p - +0,+4 spear
Res.Cold  : x . .   Warding    : .   a - +0 robe
Life Prot.: + + +   Conserve   : .   (no shield)
Res.Poison: .       Res.Corr.  : .   e - +2 wizard hat
Res.Elec. : .       Clarity    : .   (no cloak)
Sust.Abil.: . .     Spirit.Shd : .   (no gloves)
Res.Mut.  : .       Stasis     : .   (boots unavailable)
Res.Rott. : .       Flight     : .   (no amulet)
Saprovore : . . .                    (no ring)
                                     n - +1 ring of strength

@: very slightly contaminated, slightly resistant to hostile enchantments,
unstealthy
A: no striking features
a: no special abilities


You were on level 3 of the Dungeon.
You were not hungry.

You visited 1 branch of the dungeon, and saw 4 of its levels.

You collected 116 gold pieces.

Inventory:

Hand weapons
 p - a +0,+4 spear (weapon)
 q - a +1,+0 orcish whip of reaching
Armour
 a - a +0 robe (worn)
 e - a +2 wizard hat (worn)
 m - a +0 dwarven shield
Scrolls
 f - 4 scrolls of identify {unknown}
 g - a scroll of remove curse
 i - a scroll of fog {unknown}
 j - a scroll of noise {unknown}
 k - a scroll of magic mapping {unknown}
 l - 2 scrolls of curse armour {unknown}
 s - a scroll of recharging {unknown}
 t - a scroll of curse jewellery {unknown}
Jewellery
 n - a +1 ring of strength (left hand)
 o - an uncursed ring of hunger {unknown}
Potions
 b - a potion of brilliance {unknown}
 d - a potion of heal wounds {unknown}
 h - 4 potions of curing {unknown}
 r - a potion of degeneration {unknown}
Books
 c - a book of Minor Magic

   Spells                             Type                      Level
   *Magic Dart                        Conjuration                  1
   *Blink                             Translocation                2
   *Call Imp                          Summoning                    2
   Repel Missiles                     Charms/Air                   2
   Slow                               Hexes                        2
   *Conjure Flame                     Conjuration/Fire             3
   *Mephitic Cloud                    Conjuration/Poison/Air       3


   Skills:
 - Level 1.7 Dodging
 - Level 1.5 Stealth
 + Level 5.1 Spellcasting
 * Level 2.6 Conjurations
 * Level 1.7 Summonings
 * Level 1.4 Translocations


You had 2 spell levels left.
You knew the following spells:

 Your Spells              Type           Power        Failure   Level  Hunger
a - Magic Dart            Conj           ###.         6%          1    None
b - Blink                 Tloc           N/A          12%         2    None
c - Call Imp              Summ           ##........   10%         2    None
d - Conjure Flame         Conj/Fire      #.......     21%         3    ###....
e - Mephitic Cloud        Conj/Pois/Air  #.......     28%         3    ###....


Dungeon Overview and Level Annotations

Branches:
Dungeon (4/27)
 Temple: D:4-7

Altars:
Vehumet

Annotations
D:2 Sigmund
D:4 Duvessa


Message History

The centaur wields an uncursed bow.
The centaur shoots an arrow.
The arrow hits you!
Casting: Conjure Flame
Confirm with . or Enter, or press ? or * to list all spells.
Aiming: Mephitic Cloud
Press: ? - help, Shift-Dir - straight line, f - centaur
Aim: a centaur, wielding a bow You miscast Mephitic Cloud.
You are very lightly contaminated with residual magic.
You feel faint for a moment.
The centaur shoots an arrow.
The arrow hits you!
Casting: Mephitic Cloud
Confirm with . or Enter, or press ? or * to list all spells.
Aiming: Mephitic Cloud
Press: ? - help, Shift-Dir - straight line, f/p - centaur
Aim: a centaur, wielding a bow You miscast Mephitic Cloud.
Nothing appears to happen.
The centaur shoots an arrow.
The arrow hits you!
* * * LOW HITPOINT WARNING * * *
The centaur shoots an arrow.
The arrow hits you!
You die...

#####.### #.## #####.#
#####..# ###.....# #......#
######...##### #.#.#..##
##.....'###### #####.......#
#............###.....#.#...##
##.#.#.#.#....##(.###.........
#.............(..## ##......##
#..#.#.#.#...@#### #.%..>.#
#..c......c#### #......#
#..#.#.#.#.# #####.##
#..........## #.#
#..#.#.#.#..# #.#
#.......(...#### ..#
#.....J........# c##
#######........# . #(....[..#
.


You could see a centaur.

Vanquished Creatures
  2 adders (D:3)
  A giant mite (D:1)
  A worm (D:2)
  3 giant geckos
  2 orcs
  13 bats
  3 giant cockroaches
  11 goblins
  5 hobgoblins
  6 kobolds
  3 ball pythons
  4 giant newts
  A quokka zombie (D:3)
  6 rats
61 creatures vanquished.

Vanquished Creatures (collateral kills)
  3 adders
  3 orcs (D:3)
  2 hobgoblins (D:1)
  A jackal (D:3)
  A giant cockroach (D:1)
10 creatures vanquished.

Vanquished Creatures (others)
  A crimson imp (D:3)
  2 white imps (D:3)
  A hobgoblin (D:3)
  A rat (D:3)
5 creatures vanquished.

Grand Total: 76 creatures vanquished

Notes
Turn   | Place    | Note
--------------------------------------------------------------
     0 | D:1      | JogiH, the Djinni Wizard, began the quest for the Orb.
     0 | D:1      | Reached XP level 1. HP: 14/14 MP: 0/0
    44 | D:1      | Reached skill level 4 in Spellcasting
    96 | D:1      | Reached XP level 2. EP: 19/23
   129 | D:1      | Learned a level 2 spell: Blink
   132 | D:1      | Learned a level 2 spell: Call Imp
   817 | D:1      | Reached XP level 3. EP: 29/29
  1042 | D:1      | Learned a level 3 spell: Conjure Flame
  1046 | D:1      | Learned a level 3 spell: Mephitic Cloud
  2208 | D:2      | Noticed Sigmund
  2476 | D:3      | Reached XP level 4. EP: 37/37
  2544 | D:3      | Found a radiant altar of Vehumet.
  2778 | D:3      | Reached skill level 5 in Spellcasting
  2965 | D:3      | Noticed a centaur
  2966 | D:3      | Noticed a phantom
  3310 | D:4      | Noticed Duvessa
  4548 | D:3      | Shot with an arrow by a centaur

Action                   |  1- 3 |  4- 6 || total
-------------------------+-------+-------++-------
Melee: Unarmed           |    13 |       ||    13
       Spear             |     7 |    17 ||    24
 Cast: Magic Dart        |    74 |    56 ||   130
       Call Imp          |    12 |     5 ||    17
       Conjure Flame     |     1 |     2 ||     3
       Mephitic Cloud    |       |     6 ||     6
  Use: Scroll            |     1 |       ||     1
